 Dungeon Crawl Stone Soup version 0.31-a0-210-gccc998df9b (webtiles) character file.

Game seed: 8324857400231087158

7648 qw the Cleaver (level 11, -3/71 HPs)
             Began as a Gargoyle Fighter on June 30, 2023.
             Was a Priest of Okawaru.
             Slain by a yak (6 damage)
             ... on level 1 of the Lair of Beasts.
             The game lasted 00:04:32 (8648 turns).

qw the Cleaver (Gargoyle Fighter)                   Turns: 8648, Time: 00:04:32

Health: -3/71      AC: 25    Str: 24    XL:     11   Next: 18%
Magic:  13/14      EV: 10    Int:  9    God:    Okawaru [***...]
Gold:   289        SH:  6    Dex:  9    Spells: 10/10 levels left

rFire   + . .        Y - +0 war axe
rCold   . . .        c - +0 buckler
rNeg    + . .        k - +0 chain mail
rPois   inf          (no helmet)
rElec   +            h - +0 cloak
rCorr   .            e - +2 pair of gloves
SInv    +            (no boots)
Will    .....        (no amulet) Stlth
                     l - ring of protection from fire
HPRegen 0.31/turn    o - ring of see invisible
MPRegen 0.14/turn

%: no passive effects
@: about to teleport, heroic
A: sickness immunity, AC +8, negative energy resistance 1, electricity
resistance, torment resistance 1, petrification resistance
a: Renounce Religion, Heroism


You were on level 1 of the Lair of Beasts.
You worshipped Okawaru.
Okawaru was most pleased with you.
You visited 3 branches of the dungeon, and saw 10 of its levels.

You collected 367 gold pieces.
You spent 78 gold pieces at shops.


Innate Abilities, Weirdness & Mutations

You are immune to sickness and miasma.
Your stone body is resilient. (AC +8)
You are immune to poison.
You resist negative energy. (rN+)
You are resistant to electric shocks. (rElec)
You are resistant to unholy torment.
You are immune to petrification.


   Skills:
 - Level 9.0(14.0) Fighting
 + Level 11.7(16.7) Axes
 - Level 1.1(6.1) Throwing
 - Level 6.1(11.1) Armour
 - Level 2.3(7.3) Dodging
 - Level 6.0(11.0) Shields
 - Level 4.0 Invocations


You had 10 spell levels left.
You didn't know any spells.
Your spell library was empty.

Inventory:

Hand Weapons
 m - a +0 flail
 Y - a +0 war axe (weapon)
Missiles
 i - a boomerang (quivered)
Armour
 c - a +0 buckler (worn)
 e - a +2 pair of gloves (worn)
 h - a +0 cloak (worn)
 j - the +1 scale mail of the True Pharaoh {Rampage *Corrode rPois rC++}
   (You found it on level 3 of the Dungeon)

   rC:        It greatly protects you from cold.
   rPois:     It protects you from poison.
   *Corrode:  It may corrode you when you take damage.
   Rampage:   It bestows one free step when moving towards enemies.
 k - a +0 chain mail (worn)
Jewellery
 l - a ring of protection from fire (left hand)
 o - a ring of see invisible (right hand)
Wands
 u - a wand of digging (3)
Scrolls
 b - a scroll of identify
 g - a scroll of teleportation
Potions
 a - a potion of attraction
 d - a potion of might
 f - 4 potions of curing
 n - 3 potions of magic
 p - 2 potions of resistance
 r - a potion of lignification
 s - a potion of enlightenment {unknown}
 t - a potion of mutation {unknown}

Dungeon Overview and Level Annotations

Branches:
Dungeon (8/15)             Temple (1/1) D:4            Lair (1/5) D:8

Altars:
Ashenzari
Cheibriados
Dithmenos
Elyvilon
Fedhas
Gozag
Hepliaklqana
Kikubaaqudgha
Makhleb
Nemelex Xobeh
Okawaru
Qazlal
Ru
Sif Muna
Trog
Uskayaw
Vehumet
Wu Jian
Xom
Yredelemnul
The Shining One

Shops:
D:1 (   D:3 !   D:5 =


Message History

You slash the yak!
The yak is heavily wounded.
You barely miss the yak. You hit the yak. You hit the yak.
The yak is heavily wounded.
You barely miss the yak. x2
The yak gores you but does no damage. The yak closely misses you.
You barely miss the yak.
The yak is heavily wounded.
You barely miss the yak. You hit the yak but do no damage. The yak gores you.
The yak closely misses you. The yak barely misses you.
You barely miss the yak.
The yak is heavily wounded.
You barely miss the yak. You hit the yak. x2; You slash the yak!
You barely miss the yak. You block the yak's attack. The yak barely misses you.
The yak gores you but does no damage. The yak closely misses you.
The yak barely misses you. x2
You completely miss the yak.
The yak is heavily wounded.
You hit the yak. x2; You hit the yak but do no damage.
You barely miss the yak. You hit the yak. You barely miss the yak.
The yak is heavily wounded.
You hit the yak. You hit the yak but do no damage. You barely miss the yak.
You hit the yak. You closely miss the yak. You block the yak's attack.
The yak gores you! You block the yak's attack.
The yak gores you but does no damage. You block the yak's attack.
The yak barely misses you.
8647 ||| READING 2 scrolls of teleportation.
As you read the scroll of teleportation, it crumbles to dust.
You feel strangely unstable.
The yak gores you but does no damage. x4; The yak gores you!
The yak gores you.
The komodo dragon bites you but does no damage.
You slash the yak!
The yak is almost dead.
You hit the yak but do no damage. You hit the yak. You slash the yak!
You hit the komodo dragon. You slash the yak! You closely miss the yak.
The yak gores you but does no damage. x3; The yak gores you.
You die...

.?....... ....
... ... ....
...... .....
..... ....#
.##+#.#.#.....#
#.......#.....#
......YlY.....#
#...!.Y@#
......YYYY....+
#.......#Y....#
#.......+.....#
##.#P..#. ....#
.. .... . ....#
. ..... . ...#
...... .. ....


You could see a komodo dragon and 8 yaks.

Vanquished Creatures
  Pikel (D:8)
  3 elephants (Lair:1)
  A black mamba (Lair:1)
  3 cane toads (Lair:1)
  A komodo dragon (Lair:1)
  A hornet (D:6)
  A wyvern (Lair:1)
  A wraith (D:8)
  A steam dragon (Lair:1)
  A basilisk (Lair:1)
  7 water moccasins
  Duvessa (D:6)
  An ice beast (D:8)
  A black bear (D:7)
  3 ogres
  3 phantoms (D:7)
  4 bullfrogs
  A necrophage (D:7)
  A gnoll sergeant (D:8)
  2 scorpions
  10 wights
  Dowan (D:6)
  10 killer bees (D:8)
  3 howler monkeys
  A wyvern simulacrum (D:7)
  2 gnoll boudas
  5 hounds
  2 orc priests
  A centaur skeleton (D:7)
  4 jellies
  2 iguanas (D:4)
  4 orc wizards
  A killer bee zombie (D:7)
  A centaur simulacrum (D:7)
  7 adders
  12 gnolls
  A shadow imp (D:7)
  A white imp (D:7)
  2 ufetubi
  3 worms
  3 dart slugs
  20 orcs
  7 ball pythons
  7 endoplasms
  4 giant cockroaches
  13 goblins
  4 hobgoblins
  9 jackals
  2 quokkas (D:1)
  6 bats
  A frilled lizard (D:2)
  8 kobolds
  2 rats (D:1)
197 creatures vanquished.

Vanquished Creatures (others)
  A bat (D:3)
1 creature vanquished.

Grand Total: 198 creatures vanquished

Notes
Turn   | Place    | Note
-------+----------+-------------------------------------------
     0 | D:1      | qw the Gargoyle Fighter began the quest for the Orb.
     0 | D:1      | Reached XP level 1. HP: 14/14 MP: 1/1
     0 | D:1      | 0 ||| qw: Version: 0.3-a-24-ga2abf7b
     0 | D:1      | 0 ||| qw: Game counter: 7054
     0 | D:1      | 0 ||| qw: Melee chars always use a shield: true
     0 | D:1      | 0 ||| qw: God list: Okawaru
     0 | D:1      | 0 ||| qw: Allow faded altars: false
     0 | D:1      | 0 ||| qw: Do Orc after clearing Dungeon:15 true
     0 | D:1      | 0 ||| qw: Do second Lair branch before Depths: true
     0 | D:1      | 0 ||| qw: Lair rune preference: random
     0 | D:1      | 0 ||| qw: Goals: Normal, Zot:1-4, Slime:5, God:TSO, Crypt,
                  | Tomb, Abyss, Pan, Hells, Win
     0 | D:1      | 0 ||| PLANNING D:1-11
    13 | D:1      | Found Puonaf's Weapon Shop.
    16 | D:1      | Reached skill level 2 in Axes
    50 | D:1      | 50 ||| SHOPLISTING +0 club (11 gold, have 0).
    50 | D:1      | 50 ||| SHOPLISTING +0 mace (33 gold, have 0).
    62 | D:1      | 62 ||| Stepping ~*~*~tactically~*~*~ (hiding).
    64 | D:1      | 64 ||| Stepping ~*~*~tactically~*~*~ (hiding).
    73 | D:1      | Reached XP level 2. HP: 19/19 MP: 2/2
   228 | D:1      | 228 ||| Stepping ~*~*~tactically~*~*~ (stealth).
   230 | D:1      | 230 ||| Stepping ~*~*~tactically~*~*~ (stealth).
   344 | D:1      | Reached skill level 3 in Axes
   350 | D:1      | Reached XP level 3. HP: 20/23 MP: 3/3
   716 | D:1      | 716 ||| UPGRADING to +3 scale mail.
   726 | D:1      | 726 ||| DROPPING +0 scale mail.
   727 | D:1      | 727 ||| READING scroll labelled WUSIOS QUMEFI.
   728 | D:1      | 728 ||| READING scroll labelled QINUPN CEEHAHO.
   729 | D:1      | 729 ||| READING scroll labelled XEBITROSIG.
  1007 | D:2      | Identified the +1 leather armour "Sedonn" {Will- Int+5}
  1554 | D:2      | Reached XP level 4. HP: 28/28 MP: 4/4
  1574 | D:2      | Reached skill level 4 in Axes
  1696 | D:2      | 1696 ||| UPGRADING to +2 pair of gloves.
  1701 | D:2      | 1701 ||| READING 2 scrolls labelled MINGIO PUTICAY.
  1705 | D:2      | 1705 ||| READING 2 scrolls of identify.
  1705 | D:2      | 1705 ||| IDENTIFYING white potion
  1809 | D:3      | Reached XP level 5. HP: 30/32 MP: 5/5
  1846 | D:3      | Found a faded altar of an unknown god.
  1856 | D:3      | 1856 ||| DROPPING +0 whip.
  2026 | D:3      | 2026 ||| FLEEEEING.
  2027 | D:3      | 2027 ||| FLEEEEING.
  2028 | D:3      | 2028 ||| FLEEEEING.
  2029 | D:3      | 2029 ||| FLEEEEING.
  2030 | D:3      | 2030 ||| FLEEEEING.
  2031 | D:3      | 2031 ||| FLEEEEING.
  2032 | D:3      | 2032 ||| FLEEEEING.
  2033 | D:3      | 2033 ||| FLEEEEING.
  2034 | D:3      | 2034 ||| FLEEEEING.
  2035 | D:3      | 2035 ||| FLEEEEING.
  2036 | D:3      | 2036 ||| FLEEEEING.
  2037 | D:3      | 2037 ||| FLEEEEING.
  2038 | D:3      | 2038 ||| FLEEEEING.
  2039 | D:3      | 2039 ||| FLEEEEING.
  2040 | D:3      | 2040 ||| Stepping ~*~*~tactically~*~*~ (hiding).
  2053 | D:3      | Reached skill level 5 in Axes
  2093 | D:3      | 2093 ||| DROPPING -3 mace.
  2094 | D:3      | 2094 ||| DROPPING +0 mace.
  2098 | D:3      | Identified the +1 scale mail of the True Pharaoh {Rampage
                  | *Corrode rPois rC++}
  2193 | D:3      | Found Narim's Distillery.
  2201 | D:3      | 2201 ||| BUYING potion of curing (39 gold).
  2201 | D:3      | Bought a potion of curing for 39 gold pieces
  2201 | D:3      | 2201 ||| BUYING potion of curing (39 gold).
  2201 | D:3      | Bought a potion of curing for 39 gold pieces
  2201 | D:3      | 2201 ||| SHOPLISTING potion of haste (130 gold, have 3).
  2208 | D:3      | Identified the +1 pair of gloves "Maung" {rPois}
  2276 | D:3      | Found a white marble altar of Elyvilon.
  2293 | D:3      | 2293 ||| UPGRADING to +0 chain mail.
  2303 | D:3      | 2303 ||| DROPPING +3 scale mail.
  2304 | D:3      | 2304 ||| DROPPING +1 pair of gloves "Maung" {rPois}.
  2396 | D:4      | 2396 ||| Stepping ~*~*~tactically~*~*~ (water).
  2634 | D:4      | Found a staircase to the Ecumenical Temple.
  2635 | D:4      | 2635 ||| PLANNING TEMPLE
  2635 | D:4      | 2635 ||| READING scroll labelled YRIPEI FITIUCK.
  2644 | Temple   | Entered the Ecumenical Temple
  2683 | Temple   | 2683 ||| PLANNING OKAWARU WORSHIP
  2778 | Temple   | Became a worshipper of Warmaster Okawaru
  2779 | Temple   | 2779 ||| PLANNING D:1-11
  2796 | D:4      | Noticed an ogre
  2801 | D:4      | Reached XP level 6. HP: 37/39 MP: 6/6
  3030 | D:4      | Reached skill level 6 in Axes
  3289 | D:4      | Reached XP level 7. HP: 20/44 MP: 7/7
  3401 | D:4      | Found a hide-covered altar of Uskayaw.
  3410 | D:4      | Reached skill level 1 in Dodging
  3532 | D:4      | 3532 ||| READING scroll labelled EDUKHL HOIZI.
  3533 | D:4      | 3533 ||| READING scroll labelled SEIJUPNI CIZU.
  3534 | D:4      | 3534 ||| DRINKING 2 fuming red potions.
  3535 | D:4      | 3535 ||| DRINKING 2 red potions.
  3536 | D:4      | 3536 ||| DROPPING potion of invisibility.
  3557 | D:5      | Entered Level 5 of the Dungeon
  3636 | D:5      | Found Ubyino's Jewellery Shoppe.
  3646 | D:5      | 3646 ||| SHOPLISTING +4 ring of protection (468 gold, have
                  | 61).
  3646 | D:5      | 3646 ||| SHOPLISTING ring "Ihuozimo" {Contam Fly rPois rF-
                  | Dex+5} (345 gold, have 61).
  3646 | D:5      | 3646 ||| SHOPLISTING ring of fire (325 gold, have 61).
  3680 | D:5      | 3680 ||| Stepping ~*~*~tactically~*~*~ (stealth).
  3687 | D:5      | Reached * piety under Okawaru
  3730 | D:5      | 3730 ||| Stepping ~*~*~tactically~*~*~ (stealth).
  3750 | D:5      | Reached skill level 1 in Invocations
  3868 | D:5      | 3868 ||| Stepping ~*~*~tactically~*~*~ (stealth).
  4056 | D:5      | Found an ornate altar of the Wu Jian Council.
  4121 | D:5      | 4121 ||| INVOKING Heroism.
  4159 | D:5      | 4159 ||| INVOKING Heroism.
  4167 | D:5      | Reached skill level 3 in Invocations
  4206 | D:5      | Reached skill level 7 in Axes
  4206 | D:5      | Reached XP level 8. HP: 44/48 MP: 10/10
  4437 | D:5      | 4437 ||| Stepping ~*~*~tactically~*~*~ (stealth).
  4439 | D:5      | 4439 ||| Stepping ~*~*~tactically~*~*~ (hiding).
  4442 | D:5      | 4442 ||| INVOKING Heroism.
  4530 | D:5      | Found a broken altar of Ashenzari.
  4559 | D:5      | Found a shadowy altar of Dithmenos.
  4680 | D:5      | 4680 ||| UPGRADING to +0 cloak.
  4847 | D:6      | 4847 ||| Stepping ~*~*~tactically~*~*~ (hiding).
  4848 | D:6      | 4848 ||| Stepping ~*~*~tactically~*~*~ (hiding).
  4890 | D:6      | Noticed Duvessa
  4890 | D:6      | Noticed Dowan
  4891 | D:6      | 4891 ||| INVOKING Heroism.
  4902 | D:6      | Killed Dowan
  4903 | D:6      | Reached skill level 1 in Throwing
  4906 | D:6      | Killed Duvessa
  4972 | D:6      | Noticed a hornet
  4980 | D:6      | 4980 ||| INVOKING Heroism.
  4983 | D:6      | Killed a hornet
  4984 | D:6      | Reached skill level 8 in Axes
  5315 | D:6      | 5315 ||| INVOKING Heroism.
  5431 | D:6      | 5431 ||| INVOKING Heroism.
  5553 | D:6      | 5553 ||| UPGRADING to ring of protection from fire.
  5554 | D:6      | 5554 ||| READING scroll labelled RAUNWI NALAUME.
  5555 | D:6      | 5555 ||| DRINKING 2 bubbling grey potions.
  5556 | D:6      | 5556 ||| DRINKING 3 potions of curing.
  5556 | D:6      | 5556 ||| (to cure confusion)
  5557 | D:6      | 5557 ||| READING 2 scrolls of identify.
  5557 | D:6      | 5557 ||| IDENTIFYING fuming purple potion
  5558 | D:6      | 5558 ||| DROPPING potion of ambrosia.
  5606 | D:7      | 5606 ||| INVOKING Heroism.
  5614 | D:7      | Reached skill level 6 in Fighting
  5614 | D:7      | Reached XP level 9. HP: 49/55 MP: 9/12
  5743 | D:7      | 5743 ||| INVOKING Heroism.
  5880 | D:7      | Found a basalt altar of Yredelemnul.
  5883 | D:7      | 5883 ||| Stepping ~*~*~tactically~*~*~ (hiding).
  5913 | D:7      | 5913 ||| Stepping ~*~*~tactically~*~*~ (stealth).
  5941 | D:7      | 5941 ||| UPGRADING to ring of see invisible.
  5954 | D:7      | Reached skill level 9 in Axes
  5970 | D:7      | 5970 ||| Stepping ~*~*~tactically~*~*~ (stealth).
  6001 | D:7      | 6001 ||| Stepping ~*~*~tactically~*~*~ (stealth).
  6002 | D:7      | 6002 ||| Stepping ~*~*~tactically~*~*~ (stealth).
  6080 | D:7      | 6080 ||| INVOKING Heroism.
  6167 | D:7      | Identified the +9 dagger of the Sea {pain, *Corrode rC+++
                  | Str+2 Dex+3}
  6297 | D:7      | Reached ** piety under Okawaru
  6299 | D:7      | 6299 ||| Stepping ~*~*~tactically~*~*~ (hiding).
  6304 | D:7      | Identified the +2 trident "Qiykhluck" {freeze, *Slow Int+4}
  6309 | D:7      | Found a snail-covered altar of Cheibriados.
  6814 | D:7      | 6814 ||| READING scroll labelled JUVEJIRUMM.
  6855 | D:8      | Found a flagged portal.
  6856 | D:8      | 6856 ||| Stepping ~*~*~tactically~*~*~ (hiding).
  6865 | D:8      | 6865 ||| Stepping ~*~*~tactically~*~*~ (hiding).
  6869 | D:8      | 6869 ||| Stepping ~*~*~tactically~*~*~ (stealth).
  6887 | D:8      | 6887 ||| INVOKING Heroism.
  7018 | D:8      | 7018 ||| Stepping ~*~*~tactically~*~*~ (hiding).
  7021 | D:8      | 7021 ||| INVOKING Heroism.
  7245 | D:8      | Reached skill level 10 in Axes
  7245 | D:8      | Reached XP level 10. HP: 54/63 MP: 13/13
  7274 | D:8      | Found a staircase to the Lair.
  7350 | D:8      | 7350 ||| Stepping ~*~*~tactically~*~*~ (hiding).
  7366 | D:8      | 7366 ||| INVOKING Heroism.
  7389 | D:8      | 7389 ||| INVOKING Heroism.
  7578 | D:8      | 7578 ||| INVOKING Heroism.
  7599 | D:8      | 7599 ||| Stepping ~*~*~tactically~*~*~ (stealth).
  7600 | D:8      | Noticed Pikel
  7602 | D:8      | 7602 ||| Stepping ~*~*~tactically~*~*~ (hiding).
  7610 | D:8      | Killed Pikel
  7611 | D:8      | Reached skill level 6 in Shields
  7680 | D:8      | 7680 ||| INVOKING Heroism.
  7997 | D:8      | 7997 ||| PLANNING LAIR
  7997 | D:8      | 7997 ||| DRINKING 2 lumpy brown potions.
  8096 | Lair:1   | Entered Level 1 of the Lair of Beasts
  8105 | Lair:1   | 8105 ||| STAIRDANCE
  8220 | Lair:1   | Noticed a cane toad
  8221 | Lair:1   | 8221 ||| INVOKING Heroism.
  8229 | Lair:1   | Killed a cane toad
  8261 | Lair:1   | Noticed a cane toad
  8262 | Lair:1   | 8262 ||| INVOKING Heroism.
  8277 | Lair:1   | Killed a cane toad
  8289 | Lair:1   | Reached *** piety under Okawaru
  8290 | Lair:1   | Reached skill level 11 in Axes
  8363 | Lair:1   | 8363 ||| INVOKING Heroism.
  8375 | Lair:1   | 8375 ||| Stepping ~*~*~tactically~*~*~ (stealth).
  8376 | Lair:1   | 8376 ||| Stepping ~*~*~tactically~*~*~ (stealth).
  8377 | Lair:1   | 8377 ||| Stepping ~*~*~tactically~*~*~ (stealth).
  8380 | Lair:1   | 8380 ||| Stepping ~*~*~tactically~*~*~ (stealth).
  8392 | Lair:1   | 8392 ||| INVOKING Heroism.
  8393 | Lair:1   | Noticed a black mamba
  8396 | Lair:1   | Reached skill level 6 in Armour
  8398 | Lair:1   | Noticed a cane toad
  8407 | Lair:1   | Killed a black mamba
  8410 | Lair:1   | Killed a cane toad
  8545 | Lair:1   | 8545 ||| Stepping ~*~*~tactically~*~*~ (hiding).
  8572 | Lair:1   | Reached skill level 9 in Fighting
  8572 | Lair:1   | Reached XP level 11. HP: 66/71 MP: 14/14
  8594 | Lair:1   | 8594 ||| Stepping ~*~*~tactically~*~*~ (stealth).
  8595 | Lair:1   | 8595 ||| Stepping ~*~*~tactically~*~*~ (stealth).
  8613 | Lair:1   | 8613 ||| INVOKING Heroism.
  8633 | Lair:1   | HP: 16/71 [elephant (8)]
  8634 | Lair:1   | 8634 ||| READING 3 scrolls of teleportation.
  8635 | Lair:1   | 8635 ||| DRINKING potion of heal wounds.
  8639 | Lair:1   | 8639 ||| INVOKING Heroism.
  8646 | Lair:1   | HP: 10/71 [yak (10)]
  8647 | Lair:1   | 8647 ||| READING 2 scrolls of teleportation.
  8647 | Lair:1   | HP: 4/71 [yak (7)]
  8648 | Lair:1   | Slain by a yak

Levels and vault maps discovered:
D:1:      dpeg_arrival_tiny_a, layout_rooms, serial_shops,
          nicolae_shop_bloodbath_and_beyond, minmay_quantized
D:2:      layout_basic, grunt_ministairs_12
D:3:      layout_basic, lemuel_crystal_altar, ebering_ecumenical_altar_rust,
          serial_shops, shop, minmay_crystal_room, nrook_uturn
D:4:      layout_basic, eat_drink_and_be_merry_uskayaw,
          minmay_temple_entry_sparse_star, chequers_serial_rivers_small_a
D:5:      layout_loops_corners, old_standard_altar,
          mainiacjoe_overflow_two_lobes, serial_shops, nicolae_lakefront_shop,
          chequers_serial_rivers_micro_b, serial_bayou_pond_c
D:6:      layout_gridville, uniq_duvessa
D:7:      layout_loops_ring, lemuel_doored_altar, amcnicky_altar_gilded,
          dilly_guarded_unrand_morg
D:8:      layout_loops_ring, lair_entry_dummy, enter_bailey_5, uniq_pikel
Temple:   nicolae_temple_bog_church
Lair:1:   layout_regular_city, lemuel_old_faithful

Skill      XL: |  1  2  3  4  5  6  7  8  9 10 |
---------------+-------------------------------+-----
Axes           | 2 3 4 5 6 7 8 10 11 | 11.7
Fighting       | 4 6 7 9 |  9.0
Dodging        | 1 2 |  2.3
Invocations    | 3 4 |  4.0
Throwing       | 1 |  1.1
Armour         | 4 5 6 |  6.1
Shields        | 4 6 |  6.0

Action                     |  1- 3 |  4- 6 |  7- 9 | 10-12 || total
---------------------------+-------+-------+-------+-------++-------
  Melee: War axe           |   123 |   120 |   351 |   230 ||   824
  Throw: Boomerang         |       |    27 |    75 |    30 ||   132
 Invoke: Heroism           |       |       |    12 |    10 ||    22
    Use: Scroll            |     3 |     3 |     5 |     2 ||    13
         Potion            |       |       |     4 |     2 ||     6
 Armour: Scale mail        |    59 |    51 |       |       ||   110
         Chain mail        |       |    22 |   211 |   168 ||   401
  Dodge: Dodged            |    62 |    49 |   159 |   107 ||   377
  Block: Buckler           |    20 |    22 |    58 |    79 ||   179

Table legend:
 A = Non-vault XP
 B = Vault XP
 C = Vault XP percentage of total XP
 D = Non-vault monster count
 E = Vault monster count
 F = Vault count percentage of total count
                 A         B        C        D         E       F
            +---------+---------+-------+---------+---------+-------
      Total |    9341 |    1585 |  14.5 |     174 |      23 |  11.7
            +---------+---------+-------+---------+---------+-------
        D:1 |      46 |       8 |  14.8 |      28 |       3 |   9.7
        D:2 |      33 |      15 |  31.2 |      11 |       2 |  15.4
        D:3 |     142 |       0 |   0.0 |      20 |       0 |   0.0
        D:4 |     415 |       0 |   0.0 |      18 |       0 |   0.0
        D:5 |     690 |       0 |   0.0 |      20 |       0 |   0.0
        D:6 |     665 |     219 |  24.8 |      12 |       2 |  14.3
        D:7 |    1010 |     706 |  41.1 |      18 |      11 |  37.9
        D:8 |    2069 |     637 |  23.5 |      34 |       5 |  12.8
     Lair:1 |    4271 |       0 |   0.0 |      13 |       0 |   0.0
            +---------+---------+-------+---------+---------+-------
